%YAML 1.1
%TAG !u! tag:unity3d.com,2011:
--- !u!1001 &100100000
Prefab:
  m_ObjectHideFlags: 1
  serializedVersion: 2
  m_Modification:
    m_TransformParent: {fileID: 0}
    m_Modifications: []
    m_RemovedComponents: []
  m_ParentPrefab: {fileID: 0}
  m_RootGameObject: {fileID: 1000012344959246}
  m_IsPrefabParent: 1
--- !u!1 &1000012344959246
GameObject:
  m_ObjectHideFlags: 0
  m_PrefabParentObject: {fileID: 0}
  m_PrefabInternal: {fileID: 100100000}
  serializedVersion: 4
  m_Component:
  - 4: {fileID: 4000010797788550}
  - 33: {fileID: 33000011935702024}
  - 23: {fileID: 23000011286669792}
  - 114: {fileID: 114000012275183748}
  m_Layer: 0
  m_Name: Spine402
  m_TagString: Untagged
  m_Icon: {fileID: 0}
  m_NavMeshLayer: 0
  m_StaticEditorFlags: 0
  m_IsActive: 1
--- !u!4 &4000010797788550
Transform:
  m_ObjectHideFlags: 1
  m_PrefabParentObject: {fileID: 0}
  m_PrefabInternal: {fileID: 100100000}
  m_GameObject: {fileID: 1000012344959246}
  m_LocalRotation: {x: 0, y: 0, z: 0, w: 1}
  m_LocalPosition: {x: 0, y: 0, z: 0}
  m_LocalScale: {x: 1, y: 1, z: 1}
  m_LocalEulerAnglesHint: {x: 0, y: 0, z: 0}
  m_Children: []
  m_Father: {fileID: 0}
  m_RootOrder: 0
--- !u!23 &23000011286669792
MeshRenderer:
  m_ObjectHideFlags: 1
  m_PrefabParentObject: {fileID: 0}
  m_PrefabInternal: {fileID: 100100000}
  m_GameObject: {fileID: 1000012344959246}
  m_Enabled: 1
  m_CastShadows: 1
  m_ReceiveShadows: 1
  m_MotionVectors: 1
  m_LightProbeUsage: 1
  m_ReflectionProbeUsage: 1
  m_Materials:
  - {fileID: 2100000, guid: ee9766abe14e800428f58187ef96a6a0, type: 2}
  - {fileID: 2100000, guid: e1d2de6ff48fb9941b2769a1bfba3024, type: 2}
  - {fileID: 2100000, guid: 01da63141a28c874eaf278a8c2611a86, type: 2}
  - {fileID: 2100000, guid: e1d2de6ff48fb9941b2769a1bfba3024, type: 2}
  - {fileID: 2100000, guid: ee9766abe14e800428f58187ef96a6a0, type: 2}
  - {fileID: 2100000, guid: e1d2de6ff48fb9941b2769a1bfba3024, type: 2}
  - {fileID: 2100000, guid: ee9766abe14e800428f58187ef96a6a0, type: 2}
  - {fileID: 2100000, guid: 01da63141a28c874eaf278a8c2611a86, type: 2}
  - {fileID: 2100000, guid: ee9766abe14e800428f58187ef96a6a0, type: 2}
  - {fileID: 2100000, guid: 01da63141a28c874eaf278a8c2611a86, type: 2}
  - {fileID: 2100000, guid: ee9766abe14e800428f58187ef96a6a0, type: 2}
  - {fileID: 2100000, guid: e1d2de6ff48fb9941b2769a1bfba3024, type: 2}
  - {fileID: 2100000, guid: ee9766abe14e800428f58187ef96a6a0, type: 2}
  - {fileID: 2100000, guid: 01da63141a28c874eaf278a8c2611a86, type: 2}
  - {fileID: 2100000, guid: ee9766abe14e800428f58187ef96a6a0, type: 2}
  - {fileID: 2100000, guid: 01da63141a28c874eaf278a8c2611a86, type: 2}
  - {fileID: 2100000, guid: ee9766abe14e800428f58187ef96a6a0, type: 2}
  - {fileID: 2100000, guid: e1d2de6ff48fb9941b2769a1bfba3024, type: 2}
  - {fileID: 2100000, guid: ee9766abe14e800428f58187ef96a6a0, type: 2}
  - {fileID: 2100000, guid: 01da63141a28c874eaf278a8c2611a86, type: 2}
  - {fileID: 2100000, guid: ee9766abe14e800428f58187ef96a6a0, type: 2}
  m_SubsetIndices: 
  m_StaticBatchRoot: {fileID: 0}
  m_ProbeAnchor: {fileID: 0}
  m_LightProbeVolumeOverride: {fileID: 0}
  m_ScaleInLightmap: 1
  m_PreserveUVs: 0
  m_IgnoreNormalsForChartDetection: 0
  m_ImportantGI: 0
  m_SelectedWireframeHidden: 0
  m_MinimumChartSize: 4
  m_AutoUVMaxDistance: 0.5
  m_AutoUVMaxAngle: 89
  m_LightmapParameters: {fileID: 0}
  m_SortingLayerID: 0
  m_SortingOrder: 0
--- !u!33 &33000011935702024
MeshFilter:
  m_ObjectHideFlags: 1
  m_PrefabParentObject: {fileID: 0}
  m_PrefabInternal: {fileID: 100100000}
  m_GameObject: {fileID: 1000012344959246}
  m_Mesh: {fileID: 0}
--- !u!114 &114000012275183748
MonoBehaviour:
  m_ObjectHideFlags: 1
  m_PrefabParentObject: {fileID: 0}
  m_PrefabInternal: {fileID: 100100000}
  m_GameObject: {fileID: 1000012344959246}
  m_Enabled: 1
  m_EditorHideFlags: 0
  m_Script: {fileID: 11500000, guid: d247ba06193faa74d9335f5481b2b56c, type: 3}
  m_Name: 
  m_EditorClassIdentifier: 
  skeletonDataAsset: {fileID: 11400000, guid: 709f53ac0a422554d9b80e9a525f9627, type: 2}
  initialSkinName: default
  initialFlipX: 0
  initialFlipY: 0
  separatorSlotNames: []
  zSpacing: 0
  useClipping: 1
  immutableTriangles: 0
  pmaVertexColors: 1
  clearStateOnDisable: 0
  tintBlack: 0
  singleSubmesh: 0
  addNormals: 0
  calculateTangents: 0
  logErrors: 0
  disableRenderingOnOverride: 1
  _animationName: 
  loop: 0
  timeScale: 1
